 Dungeon Crawl Stone Soup version 0.24.0-7-gb3623d2c88 (webtiles) character file.

Game seed: 12434504516214290595, levelgen mode: deterministic

1352 Azrel the Blocker (level 8, -2/67 HPs)
             Began as a Minotaur Berserker on Nov 3, 2019.
             Was a Priest of Trog.
             Slain by a killer bee (6 damage)
             ... on level 7 of the Dungeon.
             The game lasted 00:31:41 (3848 turns).

Azrel the Blocker (Minotaur Berserker)              Turns: 3848, Time: 00:31:43

Health: -2/67      AC:  8    Str: 23    XL:     8   Next: 36%
Magic:  2/2        EV:  6    Int:  4    God:    Trog [***...]
Gold:   328        SH: 18    Dex: 15    Spells: 7/7 levels left

rFire    . . .     SeeInvis .   A - +9 flail of Ynanir {antimagic, Dex+4}
rCold    . . .     Gourm    .   r - +0 large shield
rNeg     . . .     Faith    .   d - +0 chain mail
rPois    .         Spirit   .   (helmet restricted)
rElec    .         Reflect  .   (no cloak)
rCorr    .         Harm     .   (no gloves)
MR       .....                  (no boots)
Stlth    ..........             (no amulet)
HPRegen  0.21/turn              (no ring)
MPRegen  0.08/turn              (no ring)

@: lethally poisoned (-2 -> -34), lightly drained
A: retaliatory headbutt, horns 2
a: Berserk, Trog's Hand, Renounce Religion


You were on level 7 of the Dungeon.
You worshipped Trog.
Trog was most pleased with you.
You were not hungry.

You visited 2 branches of the dungeon, and saw 9 of its levels.

You collected 328 gold pieces.

Inventory:

Hand Weapons
 a - a +0 mace
 v - a +0 flail
 A - the +9 flail of Ynanir (weapon) {antimagic, Dex+4}
   (You found it on level 7 of the Dungeon)

   It reduces the magical energy of the wielder, and disrupts the spells and
   magical abilities of those hit.
   Natural abilities and divine invocations are not affected.
   It affects your dexterity (+4).
Missiles
 e - 107 stones (quivered)
 f - 62 bolts
Armour
 b - a +0 animal skin
 d - a +0 chain mail (worn)
 h - a +0 ring mail
 r - a +0 large shield (worn)
Jewellery
 m - an uncursed amulet of harm {unknown}
Wands
 y - a wand of iceblast (11)
 D - a wand of polymorph (9)
Scrolls
 g - 4 scrolls of remove curse
 i - 2 scrolls of identify
 k - a scroll of immolation
 s - 4 scrolls of teleportation
 B - a scroll of fear
 C - a scroll of blinking
 E - 3 scrolls of noise {unknown}
 F - a scroll of enchant weapon {unknown}
Potions
 j - a potion of cancellation
 l - a potion of agility
 n - 3 potions of magic {unknown}
 o - 7 potions of flight
 p - 2 potions of ambrosia {unknown}
 q - a potion of lignification {unknown}
 t - a potion of invisibility {unknown}
 u - a potion of brilliance {unknown}
 w - a potion of might {unknown}
 x - a potion of haste {unknown}
 z - a potion of curing
Comestibles
 c - 3 rations


   Skills:
 - Level 4.3(4.1) Fighting
 - Level 4.4(4.1) Maces & Flails
 - Level 2.6(2.4) Armour
 - Level 2.3(2.1) Dodging
 + Level 4.2(4.0) Stealth
 - Level 9.9(9.6) Shields


You had 7 spell levels left.
You didn't know any spells.
Your spell library contained the following spells:

 Spells                   Type           Power        Failure   Level  Hunger
 Apportation              Tloc           #.....       100%        1    ##.....


Dungeon Overview and Level Annotations

Branches:
Dungeon (8/15)             Temple (1/1) D:7
   Lair: D:8-11

Altars:
Dithmenos
Fedhas
Gozag
Kikubaaqudgha
Makhleb
Okawaru
Sif Muna
Uskayaw
Vehumet
Zin


Innate Abilities, Weirdness & Mutations

You reflexively headbutt those who attack you in melee.
You have a pair of horns on your head.


Message History

The killer bee stings you but does no damage.
The killer bee stings you!
You are more poisoned.
The killer bee poisons you!
The killer bee stings you but does no damage.
You block the killer bee's attack. x2; The killer bee stings you.
* * * LOW HITPOINT WARNING * * *
You block the killer bee's attack.
You climb upwards.
* * * LOW HITPOINT WARNING * * *
You feel very sick.
There is a stone staircase leading down here.
You hit the killer bee.
The killer bee is moderately wounded.
* * * LOW HITPOINT WARNING * * *
You feel very sick. You block the killer bee's attack.
The killer bee stings you.
* * * LOW HITPOINT WARNING * * *
You block the killer bee's attack. The killer bee stings you.
You die...

#.....####.......## ##..#######
#.....###.........###<........##
#.......'.........'.............
##....###.........#.......###.##
#....# ##.......###......# #.#
####.# ##.....## ##...#.###.#
#.# ##...## ##..(.....#
#.#######'#### ####(#####
#.##.....yy@y# #.#
#.##.####.##y# #.# #####.##.#
##.##y# #.#
#........###...#.#### #.#
#.###.##.##.....)...# #.# #.#
#.##.###...#.##.#####.# #.#
#.>.......##.##.......#
#.######.........##########
#........#########


You could see 5 killer bees.

Vanquished Creatures
  A necrophage (D:6)
  An ice beast (D:6)
  5 centaurs
  A bullfrog (D:6)
  A scorpion (D:4)
  4 wights (D:7)
  A crimson imp (D:5)
  A bullfrog zombie (D:6)
  A hound (D:7)
  3 orc priests
  A centaur skeleton (D:6)
  An iguana (D:5)
  2 orc wizards
  A worker ant (D:4)
  A hound skeleton (D:5)
  2 adders
  7 gnolls (D:5)
  A shadow imp (D:6)
  An adder skeleton (D:5)
  3 dart slugs
  2 leopard geckos
  17 orcs
  5 giant cockroaches
  7 goblins
  3 hobgoblins
  3 jackals (D:3)
  A quokka (D:4)
  2 ball pythons
  5 bats
  4 frilled lizards
  3 kobolds
  5 rats
96 creatures vanquished.

Notes
Turn   | Place    | Note
-------+----------+-------------------------------------------
     0 | D:1      | Azrel the Minotaur Berserker began the quest for the Orb.
     0 | D:1      | Reached XP level 1. HP: 19/19 MP: 0/0
   467 | D:1      | Reached XP level 2. HP: 27/27 MP: 1/1
   678 | D:2      | Reached XP level 3. HP: 32/33 MP: 2/2
   782 | D:2      | Found a burning altar of Makhleb.
   785 | D:2      | Noticed a cacodemon
   789 | D:2      | Found a glowing silver altar of Zin.
   789 | D:2      | Noticed an angel
  1237 | D:3      | Reached ** piety under Trog
  1237 | D:3      | Reached skill level 2 in Shields
  1237 | D:3      | Reached XP level 4. HP: 14/41 MP: 3/3
  1313 | D:3      | Reached skill level 1 in Stealth
  1415 | D:3      | Reached skill level 3 in Shields
  1519 | D:4      | Reached skill level 4 in Shields
  1519 | D:4      | Reached XP level 5. HP: 18/47 MP: 4/4
  1527 | D:4      | Found an opulent altar of Gozag.
  1623 | D:4      | Reached skill level 5 in Shields
  1881 | D:3      | Found a radiant altar of Vehumet.
  1881 | D:3      | Found an ancient bone altar of Kikubaaqudgha.
  1884 | D:3      | Found a shimmering blue altar of Sif Muna.
  1892 | D:3      | Identified Sif Muna's Collected Works on Displacement
  2305 | D:5      | Entered Level 5 of the Dungeon
  2311 | D:5      | Reached XP level 6. HP: 53/53 MP: 5/5
  2334 | D:5      | Reached skill level 6 in Shields
  2439 | D:5      | Reached *** piety under Trog
  2499 | D:5      | Reached skill level 7 in Shields
  2533 | D:6      | Reached XP level 7. HP: 27/60 MP: 6/6
  2594 | D:6      | Reached skill level 8 in Shields
  2647 | D:6      | Reached skill level 9 in Shields
  2806 | D:6      | Reached XP level 8. HP: 62/67 MP: 7/7
  3030 | D:7      | Got a polished flail
  3032 | D:7      | Identified the +9 flail of Ynanir {antimagic, Dex+4} (You
                  | found it on level 7 of the Dungeon)
  3311 | D:7      | Found a staircase to the Ecumenical Temple.
  3341 | Temple   | Entered the Ecumenical Temple
  3848 | D:7      | Slain by a killer bee

Levels and vault maps discovered:
D:1:      giann_bridges, layout_basic, minmay_misc_feat_pillars
D:2:      layout_basic, grunt_temple_overflow_order_and_chaos_2, uniq_robin
D:3:      layout_loops_ring, grunt_temple_overflow_magic_moments
D:4:      layout_rooms, grunt_gozag_statues, kennysheep_generic_room_13
D:5:      layout_basic, elyvilon_altar_5, first_ration
D:6:      layout_cave_pods, evilmike_ruin_ashenzari, serial_shops, shop,
          basic_altar
D:7:      layout_loops_corners, minmay_temple_entry_antechambers
D:8:      black_bear_nest_1, layout_layer_cave, erik_lair_dragon,
          hangedman_little_slice_of_home, uniq_harold
Temple:   jpeg_temple_clearing

Skill      XL: |  1  2  3  4  5  6  7  8 |
---------------+-------------------------+-----
Maces & Flails | 4 |  4.4
Fighting       | 4 |  4.3
Shields        | 2 4 5 7 9 |  9.9
Stealth        | 1 4 |  4.2
Armour         | |  2.6
Dodging        | |  2.3

Action                   |  1- 3 |  4- 6 |  7- 9 || total
-------------------------+-------+-------+-------++-------
Melee: Mace              |    63 |       |       ||    63
       Headbutt          |    12 |    25 |    20 ||    57
       Flail             |    16 |   122 |    89 ||   227
  Use: Scroll            |     1 |     6 |     2 ||     9
       Potion            |       |     2 |     2 ||     4
  Eat: Ration            |       |     2 |     1 ||     3
Armor: Chain mail        |    54 |    37 |    27 ||   118
Dodge: Dodged            |    37 |    18 |    20 ||    75
Block: Large shield      |    13 |   103 |    93 ||   209
